PETERBOROUGH SLASHERS vs DAYTONA BEACH BODYBUILDERS

Created - 1 novembre 2025 at 07:26

Goals
1 2 3 T
PETERBOROUGH SLASHERS 0 2 0 2
DAYTONA BEACH BODYBUILDERS 2 4 0 6
Shots
1 2 3 T
PETERBOROUGH SLASHERS 7 7 8 22
DAYTONA BEACH BODYBUILDERS 22 19 22 63

1st period

1. DAYTONA BEACH BODYBUILDERS , Antonio Stranges 1 (Adam Edstrom 4, Georgii Merkulov 1) at 4:36
2. DAYTONA BEACH BODYBUILDERS , Kevin Rooney 4 (Matthew Savoie 7, Nicholas Robertson 6) at 8:22

Penalties :
Jarred Tinordi (PET) for Hooking (Minor) at 8:46, Jarred Tinordi (PET) for Holding (Minor) at 19:42

2nd period

3. DAYTONA BEACH BODYBUILDERS , Gage Goncalves 9 (Jonny Brodzinski 10, Nicholas Robertson 7) at 0:38 (PP)
4. PETERBOROUGH SLASHERS , Tristen Robins 4 (Kale Clague 6, Sandis Vilmanis 6) at 1:23
5. DAYTONA BEACH BODYBUILDERS , Nicholas Robertson 9 (Adam Edstrom 5) at 3:43 (PP)
6. DAYTONA BEACH BODYBUILDERS , Laurent Dauphin 2 (Nicholas Robertson 8, Gage Goncalves 12) at 13:00 (PP)
7. PETERBOROUGH SLASHERS , Brian Pinho 4 (Jesse Ylonen 4) at 16:42
8. DAYTONA BEACH BODYBUILDERS , Trevor Carrick 2 (Shakir Mukhamadullin 4, Georgii Merkulov 2) at 19:24 (PP)

Penalties :
Noel Gunler (PET) for Tripping (Minor) at 3:34, Frederic Brunet (DAY) for Hooking (Minor) at 9:02, Tyson Empey (PET) for Slashing (Minor) at 11:26, Jarred Tinordi (PET) for High sticking (Minor) at 17:25

3rd period

No Goal

Penalties :
Noel Gunler (PET) for Holding Stick (Minor) at 0:57

Goalie Stats

Devon Levi (PET), 21 saves from 25 shots - (0,840), L, 2-8-0, 23:43 minutes
Mads Sogaard (PET), 36 saves from 38 shots - (0,947), 36:17 minutes
Alexei Kolosov (DAY), 20 saves from 22 shots - (0,909), W, 3-1-0, 60:00 minutes

Players Stats for PETERBOROUGH SLASHERS

Player Name              G  A  P  +/- PIM S  H  SB GA TA FO     MP     PP MP  PK MP  
------------------------------------------------------------------------------------
Anthony Vincent          0  0  0  -1  0   1  1  0  0  0  0/0    13:24   0:00   0:00 
Billy Sweezey            0  0  0   0  0   1  2  3  0  0  0/0    21:45   1:00   4:20 
Brian Pinho              1  0  1   0  0   1  2  1  0  0  21/37  25:30   1:00   5:13 
Dylan McIlrath           0  0  0  -1  0   0  2  0  0  0  0/0     3:08   0:00   0:00 
Hunter Skinner           0  0  0  -1  0   1  0  0  0  0  0/0    13:24   0:00   0:00 
Jarred Tinordi           0  0  0  -1  6   0  6  1  0  0  0/0    13:21   0:00   0:00 
Jean-Luc Foudy           0  0  0  -1  0   0  0  0  0  0  9/18   13:24   0:00   0:00 
Jesse Ylonen             0  1  1   1  0   3  0  0  0  0  2/6    20:16   1:00   3:14 
Kale Clague              0  1  1   2  0   1  6  5  0  0  0/0    21:43   0:59   4:16 
Martin Frk               0  0  0   1  0   5  0  0  0  0  0/1    22:15   1:00   5:13 
Noel Gunler              0  0  0   1  4   2  4  0  0  0  1/2    17:41   0:59   0:00 
Phil Kemp                0  0  0   0  0   1  2  3  0  0  0/0    21:45   1:00   4:20 
Sam Gagner               0  0  0  -1  0   1  0  0  0  0  5/7     3:15   0:00   0:00 
Sandis Vilmanis          0  1  1   1  0   0  2  1  0  0  1/2    21:06   0:59   3:23 
Simon Robertsson         0  0  0  -1  0   2  0  0  0  0  0/0     3:15   0:00   0:00 
Tristen Robins           1  0  1   1  0   2  0  0  0  0  10/24  17:43   0:59   0:00 
Ty Nelson                0  0  0   1  0   0  2  5  0  0  0/0    24:51   0:59   4:16 
Tyson Empey              0  0  0  -1  2   1  2  0  0  0  1/1    13:32   0:00   0:09 

Players Stats for DAYTONA BEACH BODYBUILDERS

Player Name              G  A  P  +/- PIM S  H  SB GA TA FO     MP     PP MP  PK MP  
------------------------------------------------------------------------------------
Adam Edstrom             0  2  2   0  0   2  4  0  0  0  0/0    15:57   3:33   0:00 
Amadeus Lombardi         0  0  0   0  0   1  0  0  0  0  4/7     7:15   0:00   0:00 
Antonio Stranges         1  0  1   0  0   1  0  0  0  0  8/16   12:24   0:00   0:00 
Corey Schueneman         0  0  0   0  0   0  0  1  0  0  0/0    15:35   0:00   1:10 
Felix Unger Sorum        0  0  0   0  0   0  0  0  0  0  0/1     7:15   0:00   0:00 
Frederic Brunet          0  0  0   0  2   0  0  2  0  0  0/0    14:24   0:00   0:00 
Gage Goncalves           1  1  2   0  0   6  2  0  0  0  0/0    20:44   5:03   0:55 
Georgii Merkulov         0  2  2   0  0   5  0  0  0  0  1/1    17:01   3:33   1:04 
Hunter McDonald          0  0  0   0  0   0  1  1  0  0  0/0    19:29   0:00   1:10 
Jakub Brabenec           0  0  0   0  0   2  1  0  0  0  0/0     7:15   0:00   0:00 
Jonny Brodzinski         0  1  1   0  0   11 1  0  0  0  3/4    20:53   5:03   1:04 
Kevin Rooney             1  0  1   0  0   9  6  1  0  0  2/4    15:55   0:00   0:55 
Laurent Dauphin          1  0  1   0  0   6  1  0  0  0  13/32  19:49   5:03   0:00 
Matthew Savoie           0  1  1   0  0   3  0  0  0  0  17/32  18:33   3:33   0:00 
Nicholas Robertson       1  3  4   0  0   9  1  0  0  0  0/1    19:52   4:52   0:00 
Pavel Mintyukov          0  0  0   0  0   7  0  1  0  0  0/0    22:22   4:52   0:49 
Shakir Mukhamadullin     0  1  1   0  0   0  0  0  0  0  0/0    20:49   3:44   0:49 
Trevor Carrick           1  0  1   0  0   1  0  0  0  0  0/0    22:28   3:44   0:00 

3 Stars

1 - Nicholas Robertson (DAY)
2 - Kevin Rooney (DAY)
3 - Gage Goncalves (DAY)

Power Play

PETERBOROUGH SLASHERS - 0 on 1 Attempt(s) - 0,00%
DAYTONA BEACH BODYBUILDERS - 4 on 6 Attempt(s) - 66,67%

Penalty Kill

PETERBOROUGH SLASHERS - 2 on 6 Attempt(s) - 33,33% - Score 0 goal in Penalty Kill
DAYTONA BEACH BODYBUILDERS - 1 on 1 Attempt(s) - 100,00% - Score 0 goal in Penalty Kill

Team Stat

PETERBOROUGH SLASHERS - Hits : 31 - Faceoff Wins : 50 - Blocked Shots : 19 - Penalty Minutes : 12
DAYTONA BEACH BODYBUILDERS - Hits : 17 - Faceoff Wins : 48 - Blocked Shots : 6 - Penalty Minutes : 2

Official

Referees : Mitch Dunning and Chris Schlenker
Linesman : Julien Fournier and Jake Davis

Game Notes

Mads Sogaard enters game at 3:43 of 2nd period

PETERBOROUGH SLASHERS

5 vs 5 Forward 
   Center                   Left Wing                Right Wing               Time % Phy DF OF 
 1 Brian Pinho              Martin Frk               Jesse Ylonen             36     1   2  2  
 2 Tristen Robins           Sandis Vilmanis          Noel Gunler              31     1   2  2  
 3 Jean-Luc Foudy           Tyson Empey              Anthony Vincent          23     1   2  2  
 4 Sam Gagner               Simon Robertsson         Brian Pinho              10     1   2  2  

5 vs 5 Defense 
   Defense                  Defense                                           Time % Phy DF OF 
 1 Ty Nelson                Kale Clague                                       36     1   2  2  
 2 Billy Sweezey            Phil Kemp                                         31     1   2  2  
 3 Hunter Skinner           Jarred Tinordi                                    23     1   2  2  
 4 Dylan McIlrath           Ty Nelson                                         10     1   2  2  

PowerPlay Forward 
   Center                   Left Wing                Right Wing               Time % Phy DF OF 
 1 Brian Pinho              Martin Frk               Jesse Ylonen             55     1   2  2  
 2 Tristen Robins           Sandis Vilmanis          Noel Gunler              45     1   2  2  

PowerPlay Defense
   Defense                  Defense                                           Time % Phy DF OF 
 1 Ty Nelson                Kale Clague                                       55     1   2  2  
 2 Billy Sweezey            Phil Kemp                                         45     1   2  2  

Penalty Kill 4 Players Forward 
   Center                   Wing                     Time % Phy DF OF 
 1 Brian Pinho              Martin Frk               55     1   2  2  
 2 Jesse Ylonen             Sandis Vilmanis          45     1   2  2  

Penalty Kill 4 Players Defense
   Defense                  Defense                  Time % Phy DF OF 
 1 Ty Nelson                Kale Clague              55     1   2  2  
 2 Billy Sweezey            Phil Kemp                45     1   2  2  

Penalty Kill - 3 Players Forward 
   Forward                                           Time % Phy DF OF 
 1 Brian Pinho                                       55     1   2  2  
 2 Martin Frk                                        45     1   2  2  

Penalty Kill - 3 Players Defense
   Defense                  Defense                  Time % Phy DF OF 
 1 Ty Nelson                Kale Clague              55     1   2  2  
 2 Billy Sweezey            Phil Kemp                45     1   2  2  

4 vs 4 Forward 
   Center                   Wing                     Time % Phy DF OF 
 1 Brian Pinho              Martin Frk               55     1   2  2  
 2 Jesse Ylonen             Sandis Vilmanis          45     1   2  2  

4 vs 4 Defense
   Defense                  Defense                  Time % Phy DF OF 
 1 Ty Nelson                Kale Clague              55     1   2  2  
 2 Billy Sweezey            Phil Kemp                45     1   2  2  

Last Minutes Offensive
   Center                   Left Wing                Right Wing               Defense                  Defense                  
   Brian Pinho              Martin Frk               Jesse Ylonen             Ty Nelson                Kale Clague              

Last Minutes Defensive
   Center                   Left Wing                Right Wing               Defense                  Defense                  
   Brian Pinho              Martin Frk               Jesse Ylonen             Ty Nelson                Kale Clague              

Goaltenders
Starting : Devon Levi               
Backup : Mads Sogaard             

Extra Forwards
Normal : Jean-Luc Foudy, Anthony Vincent, Tyson Empey - PP : Jean-Luc Foudy, Anthony Vincent - PK : Tyson Empey
Extra Defensemen
Normal : Hunter Skinner, Jarred Tinordi, Dylan McIlrath - PP : Hunter Skinner - PK : Jarred Tinordi, Dylan McIlrath
Penalty Shots
Brian Pinho, Martin Frk, Jesse Ylonen, Sandis Vilmanis, Noel Gunler

Scratches
Adam McCormick (Healthy), Alex Ciernik (Healthy), Alex Beaucage (Healthy), Blake McLaughlin (Healthy), Dryden Hunt (Healthy)
Gleb Trikozov (Healthy), Joni Jurmo (Healthy), Justin Lee (Healthy), Hunter Miska (Healthy), Ruslan Khazheyev (Healthy)
Jack LaFontaine (Healthy)

DAYTONA BEACH BODYBUILDERS

5 vs 5 Forward 
   Center                   Left Wing                Right Wing               Time % Phy DF OF 
 1 Laurent Dauphin          Gage Goncalves           Jonny Brodzinski         40     0   2  3  
 2 Matthew Savoie           Kevin Rooney             Nicholas Robertson       40     1   2  2  
 3 Antonio Stranges         Adam Edstrom             Georgii Merkulov         18     1   2  2  
 4 Amadeus Lombardi         Jakub Brabenec           Felix Unger Sorum        2      1   3  1  

5 vs 5 Defense 
   Defense                  Defense                                           Time % Phy DF OF 
 1 Pavel Mintyukov          Shakir Mukhamadullin                              36     1   2  2  
 2 Trevor Carrick           Hunter McDonald                                   36     1   2  2  
 3 Frederic Brunet          Corey Schueneman                                  27     1   2  2  
 4 Trevor Carrick           Pavel Mintyukov                                   1      1   2  2  

PowerPlay Forward 
   Center                   Left Wing                Right Wing               Time % Phy DF OF 
 1 Laurent Dauphin          Gage Goncalves           Jonny Brodzinski         55     1   2  2  
 2 Matthew Savoie           Georgii Merkulov         Adam Edstrom             45     1   2  2  

PowerPlay Defense
   Defense                  Defense                                           Time % Phy DF OF 
 1 Pavel Mintyukov          Nicholas Robertson                                55     1   2  2  
 2 Trevor Carrick           Shakir Mukhamadullin                              45     1   2  2  

Penalty Kill 4 Players Forward 
   Center                   Wing                     Time % Phy DF OF 
 1 Kevin Rooney             Gage Goncalves           55     1   2  2  
 2 Jonny Brodzinski         Georgii Merkulov         45     1   2  2  

Penalty Kill 4 Players Defense
   Defense                  Defense                  Time % Phy DF OF 
 1 Pavel Mintyukov          Shakir Mukhamadullin     55     1   2  2  
 2 Hunter McDonald          Corey Schueneman         45     1   2  2  

Penalty Kill - 3 Players Forward 
   Forward                                           Time % Phy DF OF 
 1 Laurent Dauphin                                   55     1   2  2  
 2 Kevin Rooney                                      45     1   2  2  

Penalty Kill - 3 Players Defense
   Defense                  Defense                  Time % Phy DF OF 
 1 Pavel Mintyukov          Shakir Mukhamadullin     55     1   2  2  
 2 Frederic Brunet          Corey Schueneman         45     1   2  2  

4 vs 4 Forward 
   Center                   Wing                     Time % Phy DF OF 
 1 Laurent Dauphin          Gage Goncalves           55     1   2  2  
 2 Jonny Brodzinski         Nicholas Robertson       45     1   2  2  

4 vs 4 Defense
   Defense                  Defense                  Time % Phy DF OF 
 1 Pavel Mintyukov          Shakir Mukhamadullin     55     1   2  2  
 2 Trevor Carrick           Corey Schueneman         45     1   2  2  

Last Minutes Offensive
   Center                   Left Wing                Right Wing               Defense                  Defense                  
   Laurent Dauphin          Gage Goncalves           Jonny Brodzinski         Pavel Mintyukov          Shakir Mukhamadullin     

Last Minutes Defensive
   Center                   Left Wing                Right Wing               Defense                  Defense                  
   Kevin Rooney             Gage Goncalves           Jonny Brodzinski         Pavel Mintyukov          Shakir Mukhamadullin     

Goaltenders
Starting : Alexei Kolosov           
Backup : Leevi Merilainen         

Extra Forwards
Normal : Antonio Stranges, Georgii Merkulov, Amadeus Lombardi - PP : Antonio Stranges, Georgii Merkulov - PK : Amadeus Lombardi
Extra Defensemen
Normal : Frederic Brunet, Hunter McDonald, Corey Schueneman - PP : Frederic Brunet - PK : Frederic Brunet, Trevor Carrick
Penalty Shots
Laurent Dauphin, Gage Goncalves, Jonny Brodzinski, Nicholas Robertson, Matthew Savoie

Scratches
Alexander Suzdalev (Healthy), Jack Peart (Healthy), Gustav Lindstrom (Suspend), Marc-Andre Gaudet (Healthy), Ian Moore (Healthy)
Matthew Highmore (Healthy), Marek Alscher (Healthy), Michael Brandsegg-Nygard (Healthy), Rhett Pitlick (Healthy), Carter Gylander (Healthy)
Arturs Silovs (Healthy), Ty Young (Healthy)

% Time on Ice - PETERBOROUGH SLASHERS

Lines # - Real PCT - Wanted PCT - Time Play
Normal Forward
1 - 32% - 36% - 16:02
2 - 34% - 31% - 16:44
3 - 27% - 23% - 13:24
4 - 7% - 10% - 3:15
Normal Defense
1 - 33% - 36% - 16:28
2 - 33% - 31% - 16:25
3 - 27% - 23% - 13:24
4 - 6% - 10% - 3:08
PP Forward
1 - 50% - 55% - 1:00
2 - 50% - 45% - 0:59
PP Defense
1 - 50% - 55% - 0:59
2 - 50% - 45% - 1:00
PK Forward
1 - 61% - 55% - 5:13
2 - 39% - 45% - 3:23
PK Defense
1 - 50% - 55% - 4:16
2 - 50% - 45% - 4:20
PK3 Forward
1 - 0% - 55%
2 - 0% - 45%
PK3 Defense
1 - 0% - 55%
2 - 0% - 45%
44 Forward
1 - 0% - 55%
2 - 0% - 45%
44 Defense
1 - 0% - 55%
2 - 0% - 45%
Last Minute Offensive  - 0:00
Last Minute Defensive  - 0:00
Total
Forward - 60:00
Defense - 60:00

% Time on Ice - DAYTONA BEACH BODYBUILDERS

Lines # - Real PCT - Wanted PCT - Time Play
Normal Forward
1 - 30% - 40% - 14:46
2 - 30% - 40% - 15:00
3 - 25% - 18% - 12:24
4 - 15% - 2% - 7:15
Normal Defense
1 - 33% - 36% - 16:16
2 - 37% - 36% - 18:19
3 - 29% - 27% - 14:25
4 - 1% - 1% - 0:25
PP Forward
1 - 59% - 55% - 5:03
2 - 41% - 45% - 3:33
PP Defense
1 - 57% - 55% - 4:52
2 - 43% - 45% - 3:44
PK Forward
1 - 46% - 55% - 0:55
2 - 54% - 45% - 1:04
PK Defense
1 - 41% - 55% - 0:49
2 - 59% - 45% - 1:10
PK3 Forward
1 - 0% - 55%
2 - 0% - 45%
PK3 Defense
1 - 0% - 55%
2 - 0% - 45%
44 Forward
1 - 0% - 55%
2 - 0% - 45%
44 Defense
1 - 0% - 55%
2 - 0% - 45%
Last Minute Offensive  - 0:00
Last Minute Defensive  - 0:00
Total
Forward - 60:00
Defense - 60:00

Play-by-Play

1st period


0:01 of 1st period - Brian Pinho wins face-off versus Laurent Dauphin in neutral zone.
0:08 of 1st period - Shot by Jonny Brodzinski.
0:08 of 1st period - Stopped by Devon Levi without a rebound.
0:09 of 1st period - Matthew Savoie wins face-off versus Tristen Robins in PETERBOROUGH SLASHERS zone.
0:36 of 1st period - Shot by Nicholas Robertson.
0:36 of 1st period - Stopped by Devon Levi without a rebound.
0:37 of 1st period - Antonio Stranges wins face-off versus Jean-Luc Foudy in PETERBOROUGH SLASHERS zone.
0:37 of 1st period - Antonio Stranges is hit by Jarred Tinordi.
0:39 of 1st period - Shot by Georgii Merkulov.
0:39 of 1st period - Shot Misses the Net.
1:40 of 1st period - Shot by Martin Frk.
1:40 of 1st period - Shot Misses the Net.
2:10 of 1st period - Shot by Nicholas Robertson.
2:10 of 1st period - Stopped by Devon Levi without a rebound.
2:11 of 1st period - Matthew Savoie wins face-off versus Noel Gunler in PETERBOROUGH SLASHERS zone.
2:12 of 1st period - Shot by Nicholas Robertson.
2:12 of 1st period - Stopped by Devon Levi without a rebound.
2:13 of 1st period - Tristen Robins wins face-off versus Matthew Savoie in PETERBOROUGH SLASHERS zone.
2:13 of 1st period - Tristen Robins is hit by Kevin Rooney.
2:16 of 1st period - Sandis Vilmanis is hit by Nicholas Robertson and loses puck.
2:33 of 1st period - Shot by Matthew Savoie.
2:33 of 1st period - Shot Misses the Net.
2:43 of 1st period - Shot by Noel Gunler.
2:43 of 1st period - Shot Blocked by Kevin Rooney.
2:45 of 1st period - Shot by Noel Gunler.
2:45 of 1st period - Shot Misses the Net.
2:49 of 1st period - Shot by Noel Gunler.
2:49 of 1st period - Shot Misses the Net.
2:51 of 1st period - Shot by Phil Kemp.
2:51 of 1st period - Shot Blocked by Hunter McDonald.
3:48 of 1st period - Icing by Noel Gunler.
3:49 of 1st period - Laurent Dauphin wins face-off versus Tristen Robins in PETERBOROUGH SLASHERS zone.
3:54 of 1st period - Shot by Gage Goncalves.
3:54 of 1st period - Stopped by Devon Levi without a rebound.
3:55 of 1st period - Brian Pinho wins face-off versus Laurent Dauphin in PETERBOROUGH SLASHERS zone.
4:11 of 1st period - Shot by Gage Goncalves.
4:11 of 1st period - Stopped by Devon Levi without a rebound.
4:12 of 1st period - Jean-Luc Foudy wins face-off versus Antonio Stranges in PETERBOROUGH SLASHERS zone.
4:12 of 1st period - Jean-Luc Foudy is hit by Adam Edstrom.
4:25 of 1st period - Tyson Empey is hit by Hunter McDonald and loses puck.
4:34 of 1st period - Shot by Adam Edstrom.
4:34 of 1st period - Shot Hit the Post.
4:36 of 1st period - Shot by Adam Edstrom.
4:36 of 1st period - Deflect By Antonio Stranges.
4:36 of 1st period - Goal by Antonio Stranges - PETERBOROUGH SLASHERS : 0 - DAYTONA BEACH BODYBUILDERS : 1.
4:37 of 1st period - Laurent Dauphin wins face-off versus Brian Pinho in neutral zone.
4:53 of 1st period - Icing by Ty Nelson.
4:54 of 1st period - Brian Pinho wins face-off versus Nicholas Robertson in PETERBOROUGH SLASHERS zone.
5:12 of 1st period - Shot by Martin Frk.
5:12 of 1st period - Stopped by Alexei Kolosov without a rebound.
5:13 of 1st period - Jean-Luc Foudy wins face-off versus Jonny Brodzinski in DAYTONA BEACH BODYBUILDERS zone.
5:24 of 1st period - Shot by Jonny Brodzinski.
5:24 of 1st period - Stopped by Devon Levi without a rebound.
5:25 of 1st period - Sam Gagner wins face-off versus Matthew Savoie in PETERBOROUGH SLASHERS zone.
5:25 of 1st period - Sam Gagner is hit by Kevin Rooney.
5:51 of 1st period - Shot by Nicholas Robertson.
5:51 of 1st period - Shot Misses the Net.
5:53 of 1st period - Shot by Kevin Rooney.
5:53 of 1st period - Stopped by Devon Levi without a rebound.
5:54 of 1st period - Jean-Luc Foudy wins face-off versus Laurent Dauphin in PETERBOROUGH SLASHERS zone.
6:13 of 1st period - Shot by Anthony Vincent.
6:13 of 1st period - Stopped by Alexei Kolosov without a rebound.
6:14 of 1st period - Brian Pinho wins face-off versus Antonio Stranges in DAYTONA BEACH BODYBUILDERS zone.
6:26 of 1st period - Icing by Adam Edstrom.
6:27 of 1st period - Antonio Stranges wins face-off versus Tristen Robins in DAYTONA BEACH BODYBUILDERS zone.
6:31 of 1st period - Frederic Brunet is hit by Billy Sweezey.
6:53 of 1st period - Adam Edstrom is hit by Phil Kemp and loses puck.
7:31 of 1st period - Shot by Brian Pinho.
7:31 of 1st period - Shot Misses the Net.
7:42 of 1st period - Shot by Jesse Ylonen.
7:42 of 1st period - Stopped by Alexei Kolosov with a rebound.
7:44 of 1st period - Shot by Kale Clague.
7:44 of 1st period - Stopped by Alexei Kolosov without a rebound.
7:45 of 1st period - Jean-Luc Foudy wins face-off versus Kevin Rooney in DAYTONA BEACH BODYBUILDERS zone.
8:01 of 1st period - Shot by Nicholas Robertson.
8:01 of 1st period - Deflect By Matthew Savoie.
8:01 of 1st period - Stopped by Devon Levi without a rebound.
8:02 of 1st period - Sam Gagner wins face-off versus Amadeus Lombardi in PETERBOROUGH SLASHERS zone.
8:04 of 1st period - Icing by Simon Robertsson.
8:05 of 1st period - Matthew Savoie wins face-off versus Sam Gagner in PETERBOROUGH SLASHERS zone.
8:22 of 1st period - Shot by Kevin Rooney.
8:22 of 1st period - Goal by Kevin Rooney - PETERBOROUGH SLASHERS : 0 - DAYTONA BEACH BODYBUILDERS : 2.
8:23 of 1st period - Laurent Dauphin wins face-off versus Jean-Luc Foudy in neutral zone.
8:23 of 1st period - Laurent Dauphin is hit by Anthony Vincent.
8:34 of 1st period - Jonny Brodzinski is hit by Jarred Tinordi and loses puck.
8:46 of 1st period - Minor Penalty to Jarred Tinordi for Hooking.
8:47 of 1st period - Matthew Savoie wins face-off versus Brian Pinho in PETERBOROUGH SLASHERS zone.
8:54 of 1st period - Shot by Pavel Mintyukov.
8:54 of 1st period - Shot Misses the Net.
9:02 of 1st period - Shot by Pavel Mintyukov.
9:02 of 1st period - Stopped by Devon Levi with a rebound.
9:04 of 1st period - Shot by Pavel Mintyukov.
9:04 of 1st period - Stopped by Devon Levi without a rebound.
9:05 of 1st period - Brian Pinho wins face-off versus Laurent Dauphin in PETERBOROUGH SLASHERS zone.
9:16 of 1st period - Shot by Laurent Dauphin.
9:16 of 1st period - Stopped by Devon Levi without a rebound.
9:17 of 1st period - Matthew Savoie wins face-off versus Jesse Ylonen in PETERBOROUGH SLASHERS zone.
9:20 of 1st period - Shot by Adam Edstrom.
9:20 of 1st period - Stopped by Devon Levi without a rebound.
9:21 of 1st period - Brian Pinho wins face-off versus Laurent Dauphin in PETERBOROUGH SLASHERS zone.
9:38 of 1st period - Shot by Nicholas Robertson.
9:38 of 1st period - Shot Blocked by Billy Sweezey.
9:48 of 1st period - Ty Nelson is hit by Laurent Dauphin and loses puck.
10:17 of 1st period - Shot by Georgii Merkulov.
10:17 of 1st period - Shot Misses the Net.
10:36 of 1st period - Shot by Matthew Savoie.
10:36 of 1st period - Shot Blocked by Phil Kemp.
10:38 of 1st period - Shot by Georgii Merkulov.
10:38 of 1st period - Stopped by Devon Levi without a rebound.
10:39 of 1st period - Brian Pinho wins face-off versus Laurent Dauphin in PETERBOROUGH SLASHERS zone.
11:18 of 1st period - Shot by Jakub Brabenec.
11:18 of 1st period - Stopped by Devon Levi without a rebound.
11:19 of 1st period - Matthew Savoie wins face-off versus Brian Pinho in PETERBOROUGH SLASHERS zone.
11:20 of 1st period - Shot by Kevin Rooney.
11:20 of 1st period - Stopped by Devon Levi with a rebound.
11:22 of 1st period - Shot by Kevin Rooney.
11:22 of 1st period - Stopped by Devon Levi without a rebound.
11:23 of 1st period - Brian Pinho wins face-off versus Laurent Dauphin in PETERBOROUGH SLASHERS zone.
11:37 of 1st period - Jonny Brodzinski is hit by Ty Nelson and loses puck.
11:42 of 1st period - Shot by Jonny Brodzinski.
11:42 of 1st period - Shot Blocked by Kale Clague.
11:45 of 1st period - Gage Goncalves is hit by Kale Clague and loses puck.
12:29 of 1st period - Kevin Rooney is hit by Kale Clague.
12:57 of 1st period - Shot by Noel Gunler.
12:57 of 1st period - Stopped by Alexei Kolosov without a rebound.
12:58 of 1st period - Antonio Stranges wins face-off versus Jean-Luc Foudy in DAYTONA BEACH BODYBUILDERS zone.
12:58 of 1st period - Antonio Stranges is hit by Tyson Empey.
13:07 of 1st period - Off-side.
13:08 of 1st period - Amadeus Lombardi wins face-off versus Tristen Robins in neutral zone.
13:17 of 1st period - Shot by Jakub Brabenec.
13:17 of 1st period - Stopped by Devon Levi without a rebound.
13:18 of 1st period - Sandis Vilmanis wins face-off versus Laurent Dauphin in PETERBOROUGH SLASHERS zone.
13:22 of 1st period - Off-side.
13:23 of 1st period - Laurent Dauphin wins face-off versus Sandis Vilmanis in neutral zone.
14:13 of 1st period - Off-side.
14:14 of 1st period - Matthew Savoie wins face-off versus Brian Pinho in neutral zone.
14:16 of 1st period - Off-side.
14:17 of 1st period - Matthew Savoie wins face-off versus Brian Pinho in neutral zone.
14:22 of 1st period - Shot by Nicholas Robertson.
14:22 of 1st period - Shot Misses the Net.
14:24 of 1st period - Shot by Matthew Savoie.
14:24 of 1st period - Stopped by Devon Levi without a rebound.
14:25 of 1st period - Brian Pinho wins face-off versus Matthew Savoie in PETERBOROUGH SLASHERS zone.
14:30 of 1st period - Shot by Brian Pinho.
14:30 of 1st period - Shot Blocked by Pavel Mintyukov.
14:56 of 1st period - Kevin Rooney is hit by Kale Clague and loses puck.
15:38 of 1st period - Shot by Gage Goncalves.
15:38 of 1st period - Shot Misses the Net.
16:51 of 1st period - Icing by Corey Schueneman.
16:52 of 1st period - Antonio Stranges wins face-off versus Jean-Luc Foudy in DAYTONA BEACH BODYBUILDERS zone.
16:52 of 1st period - Antonio Stranges is hit by Tyson Empey.
17:13 of 1st period - Shot by Tyson Empey.
17:13 of 1st period - Shot Misses the Net.
17:15 of 1st period - Shot by Hunter Skinner.
17:15 of 1st period - Shot Misses the Net.
17:17 of 1st period - Shot by Jean-Luc Foudy.
17:17 of 1st period - Shot Misses the Net.
17:50 of 1st period - Icing by Frederic Brunet.
17:51 of 1st period - Brian Pinho wins face-off versus Antonio Stranges in DAYTONA BEACH BODYBUILDERS zone.
17:52 of 1st period - Shot by Martin Frk.
17:52 of 1st period - Stopped by Alexei Kolosov with a rebound.
18:02 of 1st period - Shot by Martin Frk.
18:02 of 1st period - Stopped by Alexei Kolosov without a rebound.
18:03 of 1st period - Sam Gagner wins face-off versus Matthew Savoie in DAYTONA BEACH BODYBUILDERS zone.
18:28 of 1st period - Kevin Rooney is hit by Brian Pinho and loses puck.
18:42 of 1st period - Matthew Savoie is hit by Dylan McIlrath and loses puck.
18:55 of 1st period - Gage Goncalves is hit by Dylan McIlrath and loses puck.
18:59 of 1st period - Icing by Hunter McDonald.
19:00 of 1st period - Laurent Dauphin wins face-off versus Tristen Robins in DAYTONA BEACH BODYBUILDERS zone.
19:00 of 1st period - Laurent Dauphin is hit by Noel Gunler.
19:10 of 1st period - Shot by Jonny Brodzinski.
19:10 of 1st period - Deflect By Laurent Dauphin.
19:10 of 1st period - Stopped by Devon Levi without a rebound.
19:11 of 1st period - Jean-Luc Foudy wins face-off versus Amadeus Lombardi in PETERBOROUGH SLASHERS zone.
19:42 of 1st period - Minor Penalty to Jarred Tinordi for Holding.
19:43 of 1st period - Brian Pinho wins face-off versus Laurent Dauphin in PETERBOROUGH SLASHERS zone.
19:59 of 1st period - Jonny Brodzinski is hit by Phil Kemp and loses puck.
Goals for this period are 0 for PETERBOROUGH SLASHERS vs 2 for DAYTONA BEACH BODYBUILDERS.
Shots for this period are 7 for PETERBOROUGH SLASHERS vs 22 for DAYTONA BEACH BODYBUILDERS.

2nd period


0:01 of 2nd period - Brian Pinho wins face-off versus Laurent Dauphin in neutral zone.
0:26 of 2nd period - Shot by Jonny Brodzinski.
0:26 of 2nd period - Shot Misses the Net.
0:32 of 2nd period - Shot by Jonny Brodzinski.
0:32 of 2nd period - Stopped by Devon Levi with a rebound.
0:34 of 2nd period - Shot by Gage Goncalves.
0:34 of 2nd period - Shot Misses the Net.
0:38 of 2nd period - Shot by Gage Goncalves.
0:38 of 2nd period - Goal by Gage Goncalves - PETERBOROUGH SLASHERS : 0 - DAYTONA BEACH BODYBUILDERS : 3.
0:39 of 2nd period - Tristen Robins wins face-off versus Antonio Stranges in neutral zone.
1:01 of 2nd period - Shot by Adam Edstrom.
1:01 of 2nd period - Shot Blocked by Ty Nelson.
1:23 of 2nd period - Shot by Tristen Robins.
1:23 of 2nd period - Goal by Tristen Robins - PETERBOROUGH SLASHERS : 1 - DAYTONA BEACH BODYBUILDERS : 3.
1:24 of 2nd period - Matthew Savoie wins face-off versus Brian Pinho in neutral zone.
3:19 of 2nd period - Amadeus Lombardi is hit by Kale Clague and loses puck.
3:28 of 2nd period - Hunter McDonald is hit by Noel Gunler and loses puck.
3:34 of 2nd period - Minor Penalty to Noel Gunler for Tripping.
3:35 of 2nd period - Tyson Empey wins face-off versus Matthew Savoie in PETERBOROUGH SLASHERS zone.
3:35 of 2nd period - Tyson Empey is hit by Adam Edstrom.
3:41 of 2nd period - Shot by Nicholas Robertson.
3:41 of 2nd period - Deflect By Adam Edstrom.
3:41 of 2nd period - Shot Blocked by Ty Nelson.
3:43 of 2nd period - Shot by Nicholas Robertson.
3:43 of 2nd period - Goal by Nicholas Robertson - PETERBOROUGH SLASHERS : 1 - DAYTONA BEACH BODYBUILDERS : 4.
3:43 of 2nd period - Mads Sogaard enters game.
3:44 of 2nd period - Matthew Savoie wins face-off versus Jean-Luc Foudy in neutral zone.
3:46 of 2nd period - Nicholas Robertson is hit by Jarred Tinordi and loses puck.
4:02 of 2nd period - Matthew Savoie is hit by Jarred Tinordi and loses puck.
4:06 of 2nd period - Icing by Anthony Vincent.
4:07 of 2nd period - Jean-Luc Foudy wins face-off versus Antonio Stranges in PETERBOROUGH SLASHERS zone.
4:27 of 2nd period - Adam Edstrom is hit by Jarred Tinordi and loses puck.
4:45 of 2nd period - Icing by Hunter McDonald.
4:46 of 2nd period - Antonio Stranges wins face-off versus Tristen Robins in DAYTONA BEACH BODYBUILDERS zone.
4:46 of 2nd period - Antonio Stranges is hit by Sandis Vilmanis.
5:25 of 2nd period - Shot by Sandis Vilmanis.
5:25 of 2nd period - Shot Misses the Net.
5:32 of 2nd period - Icing by Hunter McDonald.
5:33 of 2nd period - Antonio Stranges wins face-off versus Sam Gagner in DAYTONA BEACH BODYBUILDERS zone.
5:33 of 2nd period - Georgii Merkulov is hit by Brian Pinho and loses puck.
5:39 of 2nd period - Icing by Hunter McDonald.
5:40 of 2nd period - Antonio Stranges wins face-off versus Brian Pinho in DAYTONA BEACH BODYBUILDERS zone.
6:07 of 2nd period - Shot by Kevin Rooney.
6:07 of 2nd period - Shot Blocked by Brian Pinho.
6:32 of 2nd period - Icing by Pavel Mintyukov.
6:33 of 2nd period - Matthew Savoie wins face-off versus Tristen Robins in DAYTONA BEACH BODYBUILDERS zone.
7:02 of 2nd period - Shot by Tristen Robins.
7:02 of 2nd period - Shot Misses the Net.
7:10 of 2nd period - Noel Gunler is hit by Gage Goncalves and loses puck.
7:25 of 2nd period - Shot by Gage Goncalves.
7:25 of 2nd period - Shot Blocked by Sandis Vilmanis.
7:27 of 2nd period - Shot by Laurent Dauphin.
7:27 of 2nd period - Stopped by Mads Sogaard with a rebound.
7:29 of 2nd period - Shot by Gage Goncalves.
7:29 of 2nd period - Shot Misses the Net.
8:23 of 2nd period - Shot by Jean-Luc Foudy.
8:23 of 2nd period - Deflect By Tyson Empey.
8:23 of 2nd period - Stopped by Alexei Kolosov with a rebound.
8:35 of 2nd period - Shot by Kevin Rooney.
8:35 of 2nd period - Deflect By Nicholas Robertson.
8:35 of 2nd period - Stopped by Mads Sogaard without a rebound.
8:36 of 2nd period - Brian Pinho wins face-off versus Laurent Dauphin in PETERBOROUGH SLASHERS zone.
8:38 of 2nd period - Icing by Jesse Ylonen.
8:39 of 2nd period - Brian Pinho wins face-off versus Laurent Dauphin in PETERBOROUGH SLASHERS zone.
8:39 of 2nd period - Brian Pinho is hit by Jonny Brodzinski.
8:42 of 2nd period - Icing by Jesse Ylonen.
8:43 of 2nd period - Brian Pinho wins face-off versus Laurent Dauphin in PETERBOROUGH SLASHERS zone.
8:43 of 2nd period - Martin Frk is hit by Gage Goncalves and loses puck.
9:02 of 2nd period - Shot by Martin Frk.
9:02 of 2nd period - Stopped by Alexei Kolosov without a rebound.
9:02 of 2nd period - Minor Penalty to Frederic Brunet for Hooking.
9:03 of 2nd period - Kevin Rooney wins face-off versus Martin Frk in DAYTONA BEACH BODYBUILDERS zone.
9:17 of 2nd period - Shot by Phil Kemp.
9:17 of 2nd period - Shot Blocked by Corey Schueneman.
9:19 of 2nd period - Shot by Billy Sweezey.
9:19 of 2nd period - Stopped by Alexei Kolosov without a rebound.
9:20 of 2nd period - Jonny Brodzinski wins face-off versus Tristen Robins in DAYTONA BEACH BODYBUILDERS zone.
9:20 of 2nd period - Jonny Brodzinski is hit by Noel Gunler.
9:38 of 2nd period - Pavel Mintyukov is hit by Noel Gunler and loses puck.
9:50 of 2nd period - Georgii Merkulov is hit by Ty Nelson and loses puck.
10:02 of 2nd period - Icing by Ty Nelson.
10:03 of 2nd period - Jonny Brodzinski wins face-off versus Tristen Robins in PETERBOROUGH SLASHERS zone.
10:03 of 2nd period - Georgii Merkulov is hit by Kale Clague and loses puck.
11:26 of 2nd period - Minor Penalty to Tyson Empey for Slashing.
11:27 of 2nd period - Brian Pinho wins face-off versus Matthew Savoie in PETERBOROUGH SLASHERS zone.
11:27 of 2nd period - Brian Pinho is hit by Adam Edstrom.
12:36 of 2nd period - Shot by Jonny Brodzinski.
12:36 of 2nd period - Stopped by Mads Sogaard without a rebound.
12:37 of 2nd period - Jesse Ylonen wins face-off versus Laurent Dauphin in PETERBOROUGH SLASHERS zone.
13:00 of 2nd period - Shot by Laurent Dauphin.
13:00 of 2nd period - Goal by Laurent Dauphin - PETERBOROUGH SLASHERS : 1 - DAYTONA BEACH BODYBUILDERS : 5.
13:01 of 2nd period - Amadeus Lombardi wins face-off versus Jean-Luc Foudy in neutral zone.
14:05 of 2nd period - Shot by Antonio Stranges.
14:05 of 2nd period - Shot Misses the Net.
14:31 of 2nd period - Shot by Georgii Merkulov.
14:31 of 2nd period - Deflect By Antonio Stranges.
14:31 of 2nd period - Shot Misses the Net.
14:33 of 2nd period - Shot by Trevor Carrick.
14:33 of 2nd period - Shot Blocked by Phil Kemp.
15:00 of 2nd period - Shot by Nicholas Robertson.
15:00 of 2nd period - Stopped by Mads Sogaard without a rebound.
15:01 of 2nd period - Sam Gagner wins face-off versus Laurent Dauphin in PETERBOROUGH SLASHERS zone.
15:18 of 2nd period - Icing by Dylan McIlrath.
15:19 of 2nd period - Sam Gagner wins face-off versus Matthew Savoie in PETERBOROUGH SLASHERS zone.
15:19 of 2nd period - Brian Pinho is hit by Kevin Rooney.
15:27 of 2nd period - Shot by Sam Gagner.
15:27 of 2nd period - Shot Misses the Net.
15:29 of 2nd period - Shot by Dylan McIlrath.
15:29 of 2nd period - Shot Misses the Net.
15:31 of 2nd period - Shot by Simon Robertsson.
15:31 of 2nd period - Stopped by Alexei Kolosov with a rebound.
15:39 of 2nd period - Shot by Brian Pinho.
15:39 of 2nd period - Shot Misses the Net.
15:41 of 2nd period - Shot by Simon Robertsson.
15:41 of 2nd period - Stopped by Alexei Kolosov without a rebound.
15:42 of 2nd period - Laurent Dauphin wins face-off versus Jean-Luc Foudy in DAYTONA BEACH BODYBUILDERS zone.
16:02 of 2nd period - Shot by Jonny Brodzinski.
16:02 of 2nd period - Shot Blocked by Jarred Tinordi.
16:04 of 2nd period - Shot by Pavel Mintyukov.
16:04 of 2nd period - Stopped by Mads Sogaard without a rebound.
16:05 of 2nd period - Tristen Robins wins face-off versus Kevin Rooney in PETERBOROUGH SLASHERS zone.
16:12 of 2nd period - Shot by Kevin Rooney.
16:12 of 2nd period - Stopped by Mads Sogaard without a rebound.
16:13 of 2nd period - Brian Pinho wins face-off versus Matthew Savoie in PETERBOROUGH SLASHERS zone.
16:34 of 2nd period - Shot by Nicholas Robertson.
16:34 of 2nd period - Stopped by Mads Sogaard with a rebound.
16:42 of 2nd period - Shot by Brian Pinho.
16:42 of 2nd period - Goal by Brian Pinho - PETERBOROUGH SLASHERS : 2 - DAYTONA BEACH BODYBUILDERS : 5.
16:43 of 2nd period - Tristen Robins wins face-off versus Laurent Dauphin in neutral zone.
16:57 of 2nd period - Shot by Gage Goncalves.
16:57 of 2nd period - Stopped by Mads Sogaard without a rebound.
16:58 of 2nd period - Jean-Luc Foudy wins face-off versus Antonio Stranges in PETERBOROUGH SLASHERS zone.
17:24 of 2nd period - Shot by Adam Edstrom.
17:24 of 2nd period - Deflect By Georgii Merkulov.
17:24 of 2nd period - Stopped by Mads Sogaard with a rebound.
17:25 of 2nd period - Minor Penalty to Jarred Tinordi for High sticking.
17:26 of 2nd period - Laurent Dauphin wins face-off versus Brian Pinho in PETERBOROUGH SLASHERS zone.
17:37 of 2nd period - Shot by Pavel Mintyukov.
17:37 of 2nd period - Stopped by Mads Sogaard without a rebound.
17:38 of 2nd period - Laurent Dauphin wins face-off versus Brian Pinho in PETERBOROUGH SLASHERS zone.
18:00 of 2nd period - Shot by Shakir Mukhamadullin.
18:00 of 2nd period - Shot Hit the Post.
18:02 of 2nd period - Shot by Shakir Mukhamadullin.
18:02 of 2nd period - Deflect By Gage Goncalves.
18:02 of 2nd period - Stopped by Mads Sogaard without a rebound.
18:03 of 2nd period - Jesse Ylonen wins face-off versus Matthew Savoie in PETERBOROUGH SLASHERS zone.
18:24 of 2nd period - Shot by Georgii Merkulov.
18:24 of 2nd period - Shot Blocked by Ty Nelson.
18:26 of 2nd period - Shot by Pavel Mintyukov.
18:26 of 2nd period - Stopped by Mads Sogaard with a rebound.
18:28 of 2nd period - Shot by Adam Edstrom.
18:28 of 2nd period - Stopped by Mads Sogaard with a rebound.
18:30 of 2nd period - Shot by Pavel Mintyukov.
18:30 of 2nd period - Shot Misses the Net.
19:14 of 2nd period - Shot by Laurent Dauphin.
19:14 of 2nd period - Stopped by Mads Sogaard without a rebound.
19:15 of 2nd period - Matthew Savoie wins face-off versus Jesse Ylonen in PETERBOROUGH SLASHERS zone.
19:18 of 2nd period - Shot by Georgii Merkulov.
19:18 of 2nd period - Shot Hit the Post.
19:20 of 2nd period - Shot by Shakir Mukhamadullin.
19:20 of 2nd period - Shot Misses the Net.
19:22 of 2nd period - Shot by Shakir Mukhamadullin.
19:22 of 2nd period - Shot Misses the Net.
19:24 of 2nd period - Shot by Trevor Carrick.
19:24 of 2nd period - Goal by Trevor Carrick - PETERBOROUGH SLASHERS : 2 - DAYTONA BEACH BODYBUILDERS : 6.
19:25 of 2nd period - Amadeus Lombardi wins face-off versus Jean-Luc Foudy in neutral zone.
19:30 of 2nd period - Jarred Tinordi is hit by Jakub Brabenec and loses puck.
19:40 of 2nd period - Off-side.
19:41 of 2nd period - Matthew Savoie wins face-off versus Tristen Robins in neutral zone.
Goals for this period are 2 for PETERBOROUGH SLASHERS vs 4 for DAYTONA BEACH BODYBUILDERS.
Shots for this period are 7 for PETERBOROUGH SLASHERS vs 19 for DAYTONA BEACH BODYBUILDERS.

3rd period


0:01 of 3rd period - Matthew Savoie wins face-off versus Brian Pinho in neutral zone.
0:18 of 3rd period - Shot by Nicholas Robertson.
0:18 of 3rd period - Shot Misses the Net.
0:34 of 3rd period - Shot by Jesse Ylonen.
0:34 of 3rd period - Stopped by Alexei Kolosov without a rebound.
0:35 of 3rd period - Noel Gunler wins face-off versus Laurent Dauphin in DAYTONA BEACH BODYBUILDERS zone.
0:42 of 3rd period - Shot by Tristen Robins.
0:42 of 3rd period - Stopped by Alexei Kolosov with a rebound.
0:57 of 3rd period - Minor Penalty to Noel Gunler for Holding Stick.
0:58 of 3rd period - Brian Pinho wins face-off versus Matthew Savoie in PETERBOROUGH SLASHERS zone.
1:11 of 3rd period - Shot by Matthew Savoie.
1:11 of 3rd period - Shot Blocked by Kale Clague.
1:13 of 3rd period - Shot by Georgii Merkulov.
1:13 of 3rd period - Shot Blocked by Kale Clague.
1:15 of 3rd period - Shot by Nicholas Robertson.
1:15 of 3rd period - Shot Blocked by Kale Clague.
1:17 of 3rd period - Shot by Nicholas Robertson.
1:17 of 3rd period - Stopped by Mads Sogaard with a rebound.
1:19 of 3rd period - Shot by Nicholas Robertson.
1:19 of 3rd period - Shot Blocked by Ty Nelson.
1:21 of 3rd period - Shot by Georgii Merkulov.
1:21 of 3rd period - Shot Misses the Net.
1:23 of 3rd period - Shot by Pavel Mintyukov.
1:23 of 3rd period - Deflect By Matthew Savoie.
1:23 of 3rd period - Shot Hit the Post.
2:06 of 3rd period - Icing by Gage Goncalves.
2:07 of 3rd period - Laurent Dauphin wins face-off versus Brian Pinho in DAYTONA BEACH BODYBUILDERS zone.
2:14 of 3rd period - Jonny Brodzinski is hit by Kale Clague and loses puck.
2:40 of 3rd period - Icing by Laurent Dauphin.
2:41 of 3rd period - Laurent Dauphin wins face-off versus Jesse Ylonen in DAYTONA BEACH BODYBUILDERS zone.
4:05 of 3rd period - Shot by Nicholas Robertson.
4:05 of 3rd period - Stopped by Mads Sogaard without a rebound.
4:06 of 3rd period - Antonio Stranges wins face-off versus Brian Pinho in PETERBOROUGH SLASHERS zone.
4:33 of 3rd period - Shot by Georgii Merkulov.
4:33 of 3rd period - Stopped by Mads Sogaard with a rebound.
4:35 of 3rd period - Shot by Adam Edstrom.
4:35 of 3rd period - Shot Blocked by Ty Nelson.
4:37 of 3rd period - Shot by Pavel Mintyukov.
4:37 of 3rd period - Stopped by Mads Sogaard without a rebound.
4:38 of 3rd period - Jonny Brodzinski wins face-off versus Tristen Robins in PETERBOROUGH SLASHERS zone.
4:49 of 3rd period - Shot by Jonny Brodzinski.
4:49 of 3rd period - Stopped by Mads Sogaard with a rebound.
4:51 of 3rd period - Shot by Jonny Brodzinski.
4:51 of 3rd period - Stopped by Mads Sogaard without a rebound.
4:52 of 3rd period - Matthew Savoie wins face-off versus Brian Pinho in PETERBOROUGH SLASHERS zone.
5:07 of 3rd period - Shot by Sam Gagner.
5:07 of 3rd period - Stopped by Alexei Kolosov without a rebound.
5:08 of 3rd period - Tristen Robins wins face-off versus Laurent Dauphin in DAYTONA BEACH BODYBUILDERS zone.
5:37 of 3rd period - Shot by Jonny Brodzinski.
5:37 of 3rd period - Stopped by Mads Sogaard without a rebound.
5:38 of 3rd period - Brian Pinho wins face-off versus Matthew Savoie in PETERBOROUGH SLASHERS zone.
5:47 of 3rd period - Shot by Martin Frk.
5:47 of 3rd period - Stopped by Alexei Kolosov without a rebound.
5:48 of 3rd period - Georgii Merkulov wins face-off versus Brian Pinho in DAYTONA BEACH BODYBUILDERS zone.
7:01 of 3rd period - Shot by Jonny Brodzinski.
7:01 of 3rd period - Stopped by Mads Sogaard without a rebound.
7:02 of 3rd period - Jean-Luc Foudy wins face-off versus Matthew Savoie in PETERBOROUGH SLASHERS zone.
7:02 of 3rd period - Jean-Luc Foudy is hit by Kevin Rooney.
7:07 of 3rd period - Off-side.
7:08 of 3rd period - Tristen Robins wins face-off versus Matthew Savoie in neutral zone.
7:23 of 3rd period - Shot by Kevin Rooney.
7:23 of 3rd period - Stopped by Mads Sogaard without a rebound.
7:24 of 3rd period - Laurent Dauphin wins face-off versus Jean-Luc Foudy in PETERBOROUGH SLASHERS zone.
7:27 of 3rd period - Shot by Gage Goncalves.
7:27 of 3rd period - Shot Hit the Post.
7:55 of 3rd period - Icing by Shakir Mukhamadullin.
7:56 of 3rd period - Laurent Dauphin wins face-off versus Brian Pinho in DAYTONA BEACH BODYBUILDERS zone.
8:03 of 3rd period - Shot by Jesse Ylonen.
8:03 of 3rd period - Stopped by Alexei Kolosov without a rebound.
8:04 of 3rd period - Brian Pinho wins face-off versus Matthew Savoie in DAYTONA BEACH BODYBUILDERS zone.
8:11 of 3rd period - Shot by Brian Pinho.
8:11 of 3rd period - Shot Misses the Net.
8:27 of 3rd period - Shot by Nicholas Robertson.
8:27 of 3rd period - Shot Misses the Net.
8:29 of 3rd period - Shot by Kevin Rooney.
8:29 of 3rd period - Stopped by Mads Sogaard without a rebound.
8:30 of 3rd period - Tristen Robins wins face-off versus Antonio Stranges in PETERBOROUGH SLASHERS zone.
8:53 of 3rd period - Shot by Georgii Merkulov.
8:53 of 3rd period - Stopped by Mads Sogaard without a rebound.
8:54 of 3rd period - Brian Pinho wins face-off versus Laurent Dauphin in PETERBOROUGH SLASHERS zone.
9:18 of 3rd period - Shot by Gage Goncalves.
9:18 of 3rd period - Shot Blocked by Kale Clague.
9:20 of 3rd period - Shot by Pavel Mintyukov.
9:20 of 3rd period - Stopped by Mads Sogaard without a rebound.
9:21 of 3rd period - Tristen Robins wins face-off versus Matthew Savoie in PETERBOROUGH SLASHERS zone.
9:21 of 3rd period - Tristen Robins is hit by Kevin Rooney.
9:58 of 3rd period - Shot by Nicholas Robertson.
9:58 of 3rd period - Deflect By Matthew Savoie.
9:58 of 3rd period - Stopped by Mads Sogaard with a rebound.
11:24 of 3rd period - Shot by Anthony Vincent.
11:24 of 3rd period - Shot Blocked by Frederic Brunet.
11:32 of 3rd period - Shot by Anthony Vincent.
11:32 of 3rd period - Shot Misses the Net.
11:34 of 3rd period - Shot by Hunter Skinner.
11:34 of 3rd period - Stopped by Alexei Kolosov without a rebound.
11:35 of 3rd period - Tristen Robins wins face-off versus Amadeus Lombardi in DAYTONA BEACH BODYBUILDERS zone.
11:36 of 3rd period - Shot by Noel Gunler.
11:36 of 3rd period - Stopped by Alexei Kolosov with a rebound.
11:38 of 3rd period - Shot by Phil Kemp.
11:38 of 3rd period - Stopped by Alexei Kolosov without a rebound.
11:39 of 3rd period - Matthew Savoie wins face-off versus Tristen Robins in DAYTONA BEACH BODYBUILDERS zone.
11:39 of 3rd period - Matthew Savoie is hit by Sandis Vilmanis.
11:57 of 3rd period - Shot by Kevin Rooney.
11:57 of 3rd period - Stopped by Mads Sogaard with a rebound.
11:59 of 3rd period - Shot by Hunter McDonald.
11:59 of 3rd period - Shot Blocked by Billy Sweezey.
12:01 of 3rd period - Shot by Nicholas Robertson.
12:01 of 3rd period - Shot Misses the Net.
12:37 of 3rd period - Ty Nelson is hit by Kevin Rooney and loses puck.
12:48 of 3rd period - Shot by Jesse Ylonen.
12:48 of 3rd period - Deflect By Brian Pinho.
12:48 of 3rd period - Shot Misses the Net.
13:03 of 3rd period - Shot by Laurent Dauphin.
13:03 of 3rd period - Shot Misses the Net.
13:43 of 3rd period - Shot by Adam Edstrom.
13:43 of 3rd period - Shot Misses the Net.
14:16 of 3rd period - Shot by Jean-Luc Foudy.
14:16 of 3rd period - Shot Blocked by Frederic Brunet.
14:46 of 3rd period - Hunter McDonald is hit by Jarred Tinordi and loses puck.
15:15 of 3rd period - Shot by Jonny Brodzinski.
15:15 of 3rd period - Stopped by Mads Sogaard without a rebound.
15:16 of 3rd period - Kevin Rooney wins face-off versus Tristen Robins in PETERBOROUGH SLASHERS zone.
15:41 of 3rd period - Matthew Savoie is hit by Billy Sweezey and loses puck.
15:48 of 3rd period - Shot by Kevin Rooney.
15:48 of 3rd period - Stopped by Mads Sogaard without a rebound.
15:49 of 3rd period - Laurent Dauphin wins face-off versus Brian Pinho in PETERBOROUGH SLASHERS zone.
15:54 of 3rd period - Shot by Jonny Brodzinski.
15:54 of 3rd period - Stopped by Mads Sogaard with a rebound.
16:12 of 3rd period - Shot by Gage Goncalves.
16:12 of 3rd period - Stopped by Mads Sogaard without a rebound.
16:13 of 3rd period - Tristen Robins wins face-off versus Felix Unger Sorum in PETERBOROUGH SLASHERS zone.
16:23 of 3rd period - Icing by Trevor Carrick.
16:24 of 3rd period - Amadeus Lombardi wins face-off versus Tristen Robins in DAYTONA BEACH BODYBUILDERS zone.
16:31 of 3rd period - Shot by Amadeus Lombardi.
16:31 of 3rd period - Shot Blocked by Billy Sweezey.
16:35 of 3rd period - Shot by Jakub Brabenec.
16:35 of 3rd period - Shot Misses the Net.
16:37 of 3rd period - Shot by Hunter McDonald.
16:37 of 3rd period - Shot Misses the Net.
16:51 of 3rd period - Shot by Felix Unger Sorum.
16:51 of 3rd period - Deflect By Amadeus Lombardi.
16:51 of 3rd period - Stopped by Mads Sogaard with a rebound.
17:25 of 3rd period - Shot by Nicholas Robertson.
17:25 of 3rd period - Shot Blocked by Phil Kemp.
18:07 of 3rd period - Shot by Jonny Brodzinski.
18:07 of 3rd period - Stopped by Mads Sogaard without a rebound.
18:08 of 3rd period - Jean-Luc Foudy wins face-off versus Antonio Stranges in PETERBOROUGH SLASHERS zone.
18:08 of 3rd period - Jean-Luc Foudy is hit by Adam Edstrom.
18:17 of 3rd period - Shot by Antonio Stranges.
18:17 of 3rd period - Shot Misses the Net.
18:19 of 3rd period - Shot by Georgii Merkulov.
18:19 of 3rd period - Stopped by Mads Sogaard with a rebound.
19:28 of 3rd period - Shot by Laurent Dauphin.
19:28 of 3rd period - Stopped by Mads Sogaard without a rebound.
19:29 of 3rd period - Matthew Savoie wins face-off versus Jesse Ylonen in PETERBOROUGH SLASHERS zone.
19:30 of 3rd period - Shot by Kevin Rooney.
19:30 of 3rd period - Shot Misses the Net.
19:40 of 3rd period - Shot by Pavel Mintyukov.
19:40 of 3rd period - Shot Misses the Net.
Goals for this period are 0 for PETERBOROUGH SLASHERS vs 0 for DAYTONA BEACH BODYBUILDERS.
Shots for this period are 8 for PETERBOROUGH SLASHERS vs 22 for DAYTONA BEACH BODYBUILDERS.